 Dungeon Crawl Stone Soup version 0.21-a0-513-gdcb3f5e (webtiles) character file.

121 Gwenloh the Grasshopper (level 5, -1/40 HPs)
             Began as a Human Warper on Dec 1, 2017.
             Slain by a gnoll
             ... wielding a +0 spear of piercing
              (5 damage)
             ... on level 3 of the Dungeon.
             The game lasted 00:10:43 (2828 turns).

Gwenloh the Grasshopper (Human Warper)              Turns: 2828, Time: 00:10:44

Health: -1/40      AC:  4    Str: 13    XL:     5   Next: 26%
Magic:  7/9        EV: 12    Int: 13    God:
Gold:   154        SH:  0    Dex: 12    Spells: 5/9 levels left

rFire    . . .     SeeInvis .   a - +0 falchion
rCold    . . .     Gourm    .   (no shield)
rNeg     . . .     Faith    .   b - +0 leather armour
rPois    .         Spirit   .   (no helmet)
rElec    .         Reflect  .   m - +0 cloak
rCorr    .         Harm     .   (no gloves)
MR       .....                  (no boots)
Stlth    +.........             (no amulet)
HPRegen  0.13/turn              (no ring)
MPRegen  0.11/turn              (no ring)

@: no status effects
A: no striking features
a: no special abilities


You were on level 3 of the Dungeon.
You were hungry.

You visited 1 branch of the dungeon, and saw 3 of its levels.

You collected 154 gold pieces.

Inventory:

Hand Weapons
 a - a +0 falchion (weapon)
Missiles
 e - 5 tomahawks of dispersal (quivered)
 i - 57 arrows
 o - 64 bolts
 E - 12 poisoned needles
Armour
 b - a +0 leather armour (worn)
 m - a +0 cloak (worn)
Jewellery
 s - a +3 ring of strength {unknown}
Scrolls
 d - a scroll of blinking
 l - 4 scrolls of teleportation {unknown}
 r - 2 scrolls of fear {unknown}
 t - 4 scrolls of identify {unknown}
 u - a scroll of remove curse {unknown}
 y - a scroll of enchant weapon {unknown}
Potions
 h - a potion of heal wounds
 j - 3 potions of mutation {unknown}
 k - a potion of berserk rage {unknown}
 n - a potion of magic {unknown}
 p - a potion of haste {unknown}
 q - 2 potions of cancellation {unknown}
 v - a potion of lignification {unknown}
 A - a potion of brilliance {unknown}
 C - 2 potions of agility {unknown}
 D - a potion of resistance {unknown}
Books
 c - a book of Spatial Translocations

   Spells                             Type                      Level
   a - Blink                          Translocation                2
   b - Shroud of Golubria             Charms/Translocation         2
   c - Lesser Beckoning               Translocation                3
   d - Gell's Gravitas                Translocation                3
   e - Teleport Other                 Translocation                3
   f - Passage of Golubria            Translocation                4
 B - a book of Misfortune

   Spells                             Type                      Level
   a - Confusing Touch                Hexes                        1
   b - Confuse                        Hexes                        3
   c - Gell's Gravitas                Translocation                3
   d - Petrify                        Transmutation/Earth          4
   e - Metabolic Englaciation         Hexes/Ice                    5
   f - Yara's Violent Unravelling     Hexes/Transmutation          5
 F - a book of Annihilations

   Spells                             Type                      Level
   a - Poison Arrow                   Conjuration/Poison           6
   b - Chain Lightning                Conjuration/Air              8
   c - Lehudib's Crystal Spear        Conjuration/Earth            8
   d - Glaciate                       Conjuration/Ice              9
   e - Fire Storm                     Conjuration/Fire             9
Comestibles
 f - 2 bread rations
 g - 2 fruits
 w - 2 chunks of flesh
 x - a meat ration
 z - 2 royal jellies


   Skills:
 + Level 2.9 Fighting
 + Level 2.9 Long Blades
 - Level 1.0 Throwing
 + Level 2.2 Armour
 - Level 2.0 Dodging
 + Level 2.7 Spellcasting
 + Level 3.4 Translocations


You had 5 spell levels left.
You knew the following spells:

 Your Spells              Type           Power        Failure   Level  Hunger
a - Blink                 Tloc           N/A          11%         2    ###....
b - Shroud of Golubria    Chrm/Tloc      #.........   22%         2    ###....


Dungeon Overview and Level Annotations

Branches:
Dungeon (3/15)

Altars:
Ashenzari


Message History

You hit the gnoll but do no damage. The gnoll barely misses you.
You barely miss the gnoll.
The gnoll hits you with a spear of piercing.
* * * LOW HITPOINT WARNING * * *
x2 You closely miss the gnoll.
The gnoll barely misses you.
You completely miss the gnoll.
Your shroud bends the gnoll's attack away.
You hit the gnoll.
The gnoll is moderately wounded.
Your shroud unravels.
The gnoll closely misses you.
You hit the gnoll.
The gnoll is heavily wounded.
You are feeling hungry.
The gnoll hits you with a spear of piercing.
* * * LOW HITPOINT WARNING * * *
x2 You hit the gnoll but do no damage.
The gnoll is heavily wounded.
The gnoll hits you with a spear of piercing.
You die...

.....#..............#
....#........#..#####
....#...........#
.............##.##
.............##..#
.....#........##.#
.###.#........##)#
##............##.#
......#######..#@#
......# ##.#g##
......# #.#..#
##....# #.##.#
.###..########..#)#
....#.............#
................#.##
....##..........#..#
....##..........#..#


You could see a gnoll.

Vanquished Creatures
  2 gnolls (D:3)
  6 adders
  A dart slug (D:1)
  2 leopard geckos
  3 orcs (D:3)
  6 bats
  3 giant cockroaches
  8 goblins
  4 hobgoblins
  A quokka (D:3)
  2 frilled lizards (D:1)
  2 kobolds
  4 rats
44 creatures vanquished.

Notes
Turn   | Place    | Note
-------+----------+-------------------------------------------
     0 | D:1      | Gwenloh the Human Warper began the quest for the Orb.
     0 | D:1      | Reached XP level 1. HP: 16/16 MP: 3/3
   293 | D:1      | Reached XP level 2. HP: 16/22 MP: 5/5
   378 | D:1      | Learned a level 2 spell: Blink
   545 | D:1      | Learned a level 2 spell: Shroud of Golubria
  1143 | D:2      | Reached XP level 3. HP: 28/28 MP: 6/6
  1209 | D:2      | HP: 1/28 [poisoned by an adder]
  1630 | D:2      | Found a faded altar of an unknown god.
  1989 | D:3      | Reached XP level 4. HP: 27/34 MP: 7/7
  2169 | D:3      | Found a shattered altar of Ashenzari.
  2638 | D:3      | Reached XP level 5. HP: 36/40 MP: 8/8
  2828 | D:3      | Slain by a gnoll

Vault maps used:
D:1:      mainiacjoe_arrival_reflecting_pool
D:2:      chequers_ecumenical_altar_grove
D:3:      first_bread, nicolae_ashenzari_panopticon

Skill      XL: |  1  2  3  4 |
---------------+-------------+-----
Armour         | 2 |  2.2
Fighting       | |  2.9
Long Blades    | |  2.9
Throwing       | |  1.0
Dodging        | |  2.0
Spellcasting   | |  2.7
Translocations | |  3.4

Action                   |  1- 3 |  4- 6 || total
-------------------------+-------+-------++-------
Melee: Falchion          |    84 |    81 ||   165
 Cast: Blink             |     1 |       ||     1
       Shroud of Golubri |       |     1 ||     1
  Use: Potion            |     1 |     1 ||     2
 Stab: Sleeping          |     1 |       ||     1
  Eat: Chunk             |     3 |     3 ||     6
Armor: Leather armour    |    24 |    27 ||    51
Dodge: Dodged            |    61 |    70 ||   131
       Rpst.: Falchion   |    19 |    21 ||    40

Table legend:
 A = Spawn XP
 B = Non-spawn XP
 C = Spawn XP percentage of total XP
 D = Spawn monster count
 E = Non-spawn monster count
 F = Spawn count percentage of total count
 G = Total turns spent on level
                    A         B        C        D         E        F      G
               +---------+---------+-------+---------+---------+-------+---------
         Total |       0 |     174 |   0.0 |       0 |      44 |   0.0 |  2828
               +---------+---------+-------+---------+---------+-------+---------
           D:1 |       0 |      21 |   0.0 |       0 |      13 |   0.0 |   983
           D:2 |       0 |      42 |   0.0 |       0 |      10 |   0.0 |   997
           D:3 |       0 |     111 |   0.0 |       0 |      21 |   0.0 |   848
               +---------+---------+-------+---------+---------+-------+---------
